NCAA
CALIFORNIA GOLDEN BEARS @ VIRGINIA CAVALIERS
04/07/2027
 
TOP OF THE 1ST
California Golden Bears batting - Pitching for Virginia Cavaliers : RHP Will Hall
Pitching: RHP Will Hall
Batting: RHB Cal Cox 0-0: Fly out, F3 (Flyball, 3DF)
Batting: RHB Johnny Phillips 0-0: Ball
1-0: Fly out, F9 (Flyball, 9LS)
Batting: RHB Ed Crockett 0-0: Ball
1-0: Ball
2-0: Ball
3-0: Called Strike
3-1: Swinging Strike
3-2: SINGLE (Groundball, 15S) (infield hit)
Batting: RHB Sergio González 0-0: Ball
1-0: Called Strike
1-1: Foul Ball, location: 2F
1-2: Ball
2-2: Strikes out swinging
Top of the 1st over - 0 run(s), 1 hit(s), 0 error(s), 1 left on base; California 0 - Virginia 0
BOTTOM OF THE 1ST
Virginia Cavaliers batting - Pitching for California Golden Bears : RHP Justin Taylor
Pitching: RHP Justin Taylor
Batting: RHB Jonathan Reynolds 0-0: Ball
1-0: Ground out 6-3 (Groundball, 56)
Batting: RHB Mark Whiffen 0-0: Ball
1-0: Fly out, F8 (Flyball, 8LXD)
Batting: RHB Bartolo Reyes 0-0: Ball
1-0: Ball
2-0: Ball
3-0: Called Strike
3-1: Foul Ball, location: 2F
3-2: Base on Balls
Batting: SHB Walton Locke 0-0: Called Strike
0-1: Foul Ball, location: 2F
0-2: Fly out, F8 (Flyball, 78S)
Bottom of the 1st over - 0 run(s), 0 hit(s), 0 error(s), 1 left on base; California 0 - Virginia 0
TOP OF THE 2ND
California Golden Bears batting - Pitching for Virginia Cavaliers : RHP Will Hall
Batting: LHB Lee Jenkins 0-0: Called Strike
0-1: Swinging Strike
0-2: Strikes out swinging
Batting: RHB Daniel Moody 0-0: Ball
1-0: Called Strike
1-1: Fly out, F4 (Popup, 34D)
Batting: RHB Greg Taylor 0-0: Ball
1-0: SINGLE (Popup, 6S)
Batting: RHB Mike Hammond 0-0: Ball
1-0: Ball
2-0: Ball
3-0: Base on Balls
Greg Taylor to second
Batting: RHB Mike Ratzlaff 0-0: Ball
1-0: Ball
2-0: Called Strike
2-1: SINGLE (Line Drive, 89S)
Greg Taylor to third
Mike Hammond to second
Batting: RHB Cal Cox 0-0: Ball
1-0: Called Strike
1-1: Called Strike
1-2: Ball
2-2: Strikes out swinging
Top of the 2nd over - 0 run(s), 2 hit(s), 0 error(s), 3 left on base; California 0 - Virginia 0
BOTTOM OF THE 2ND
Virginia Cavaliers batting - Pitching for California Golden Bears : RHP Justin Taylor
Batting: RHB Pat McDonald 0-0: Ball
1-0: Ball
2-0: Ball
3-0: Base on Balls
Batting: LHB Marvin MacGruder 0-0: Called Strike
0-1: Ball
1-1: Ball
2-1: Swinging Strike
2-2: Ball
3-2: Strikes out swinging
Batting: RHB Carl Curry 0-0: Called Strike
0-1: Grounds into double play, 6-4-3 (Groundball, 6D)
Bottom of the 2nd over - 0 run(s), 0 hit(s), 0 error(s), 0 left on base; California 0 - Virginia 0
TOP OF THE 3RD
California Golden Bears batting - Pitching for Virginia Cavaliers : RHP Will Hall
Batting: RHB Johnny Phillips 0-0: Ball
1-0: Called Strike
1-1: Ball
2-1: SINGLE (Line Drive, 5)
Batting: RHB Ed Crockett 0-0: Called Strike
0-1: Ball
1-1: SINGLE (Groundball, 6MD)
Johnny Phillips to second
Runner from 2nd tries for 3rd, SAFE, throw made to third
Ed Crockett to second
Batting: RHB Sergio González 0-0: Foul Ball, location: 2F
0-1: Ball
1-1: Ball
2-1: Ball
3-1: Base on Balls
Batting: LHB Lee Jenkins 0-0: Foul Ball, location: 2F
0-1: Called Strike
0-2: Strikes out swinging
Batting: RHB Daniel Moody 0-0: Fly out, F9 (Flyball, 9LMF)
Runner from 3rd tags up, SCORES, no throw
Batting: RHB Greg Taylor 0-0: Swinging Strike
0-1: Ball
1-1: Fielders Choice at 2nd, 6-4 (Groundball, 6)
Top of the 3rd over - 1 run(s), 2 hit(s), 0 error(s), 1 left on base; California 1 - Virginia 0
BOTTOM OF THE 3RD
Virginia Cavaliers batting - Pitching for California Golden Bears : RHP Justin Taylor
Batting: LHB Brett Anderson 0-0: Ball
1-0: Ball
2-0: Ball
3-0: Base on Balls
Batting: LHB Domingo González 0-0: Ball
1-0: Ball
2-0: Ball
3-0: Base on Balls
Brett Anderson to second
Batting: RHB Jonathan Reynolds 0-0: Ball
1-0: Ball
2-0: Called Strike
2-1: SINGLE (Groundball, 34D)
Brett Anderson to third
Domingo González to second
Batting: RHB Mark Whiffen 0-0: Ball
1-0: Ball
2-0: Ball
3-0: Base on Balls
Brett Anderson scores
Domingo González to third
Jonathan Reynolds to second
Batting: RHB Bartolo Reyes 0-0: Ball
1-0: SINGLE (Groundball, 6MD)
Domingo González scores
Jonathan Reynolds to third
Mark Whiffen to second
Runner from 3rd tries for Home, SAFE, no throw
Batting: SHB Walton Locke 0-0: Swinging Strike
0-1: Foul Ball, location: 2F
0-2: SINGLE (Groundball, 5S) (infield hit)
Mark Whiffen to third
Bartolo Reyes to second
Batting: RHB Pat McDonald 0-0: Ball
1-0: Swinging Strike
1-1: Fly out, F6 (Popup, 6D)
Batting: LHB Marvin MacGruder 0-0: Ball
1-0: Foul Ball, location: 2F
1-1: Ball
2-1: Foul Ball, location: 2F
2-2: Ball
3-2: Fly out, F8 (Line Drive, 8LM)
Runner from 3rd tags up, SCORES, throw made
Batting: RHB Carl Curry 0-0: Ball
1-0: Called Strike
1-1: Ball
2-1: Fly out, F9 (Flyball, 9)
Bottom of the 3rd over - 4 run(s), 3 hit(s), 0 error(s), 2 left on base; California 1 - Virginia 4
TOP OF THE 4TH
California Golden Bears batting - Pitching for Virginia Cavaliers : RHP Will Hall
Batting: RHB Mike Hammond 0-0: Ball
1-0: Ball
2-0: Foul Ball, location: 2F
2-1: Ball
3-1: Called Strike
3-2: Base on Balls
Batting: RHB Mike Ratzlaff 0-0: Called Strike
0-1: Grounds into double play, 5-4-3 (Groundball, 56)
Batting: RHB Cal Cox 0-0: Ball
1-0: Fly out, F5 (Line Drive, 56)
Top of the 4th over - 0 run(s), 0 hit(s), 0 error(s), 0 left on base; California 1 - Virginia 4
BOTTOM OF THE 4TH
Virginia Cavaliers batting - Pitching for California Golden Bears : RHP Justin Taylor
Batting: LHB Brett Anderson 0-0: Called Strike
0-1: Ground out 4-3 (Groundball, 34)
Batting: LHB Domingo González 0-0: Ball
1-0: Ball
2-0: Ball
3-0: Called Strike
3-1: Base on Balls
Batting: RHB Jonathan Reynolds 0-0: Ball
1-0: Ball
2-0: Called Strike
2-1: Ball
3-1: Called Strike
3-2: Fly out, F9 (Flyball, 89M)
Batting: RHB Mark Whiffen 0-0: Swinging Strike
0-1: 2-RUN HOME RUN (Flyball, 7D), Distance : 349 ft
Batting: RHB Bartolo Reyes 0-0: Called Strike
0-1: Called Strike
0-2: Foul Ball, location: 2F
0-2: Ground out 5-3 (Groundball, 25)
Bottom of the 4th over - 2 run(s), 1 hit(s), 0 error(s), 0 left on base; California 1 - Virginia 6
TOP OF THE 5TH
California Golden Bears batting - Pitching for Virginia Cavaliers : RHP Will Hall
Batting: RHB Johnny Phillips 0-0: Ball
1-0: Ball
2-0: Called Strike
2-1: Ground out 6-3 (Groundball, 6)
Batting: RHB Ed Crockett 0-0: Ball
1-0: Ball
2-0: Foul Ball, location: 2F
2-1: Ground out 5-3 (Groundball, 56S)
Batting: RHB Sergio González 0-0: Called Strike
0-1: Foul Ball, location: 2F
0-2: Fly out, F9 (Flyball, 9LSF)
Top of the 5th over - 0 run(s), 0 hit(s), 0 error(s), 0 left on base; California 1 - Virginia 6
BOTTOM OF THE 5TH
Virginia Cavaliers batting - Pitching for California Golden Bears : RHP Justin Taylor
Pitching: LHP Dexter Hubert
Batting: SHB Walton Locke 0-0: Ball
1-0: Foul Ball, location: 2F
1-1: Ball
2-1: Ball
3-1: Ground out U3 (Groundball, 3)
Batting: RHB Pat McDonald 0-0: Called Strike
0-1: Ball
1-1: SINGLE (Groundball, 56D)
Batting: LHB Marvin MacGruder 0-0: Called Strike
0-1: Foul Ball, location: 2F
0-2: Ball
1-2: Ball
2-2: Ball
3-2: SINGLE (Groundball, 34S) (infield hit)
Pat McDonald to second
Batting: RHB Carl Curry 0-0: Ball
Wild Pitch!
Pat McDonald to third
Marvin MacGruder to second
1-0: Swinging Strike
1-1: Ground out 4-3 (Groundball, 4)
Pat McDonald scores
Marvin MacGruder to third
Batting: LHB Brett Anderson 0-0: Ball
1-0: Called Strike
1-1: Foul Ball, location: 2F
1-2: Strikes out swinging
Bottom of the 5th over - 1 run(s), 2 hit(s), 0 error(s), 1 left on base; California 1 - Virginia 7
TOP OF THE 6TH
California Golden Bears batting - Pitching for Virginia Cavaliers : RHP Will Hall
Batting: LHB Lee Jenkins 0-0: Ground out 4-3 (Groundball, 4)
Batting: RHB Daniel Moody 0-0: Swinging Strike
0-1: Ball
1-1: Called Strike
1-2: Foul Ball, location: 2F
1-2: Ball
2-2: Ball
3-2: Ground out 6-3 (Groundball, 6)
Batting: RHB Greg Taylor 0-0: Ball
1-0: Fly out, F6 (Popup, 6M)
Top of the 6th over - 0 run(s), 0 hit(s), 0 error(s), 0 left on base; California 1 - Virginia 7
BOTTOM OF THE 6TH
Virginia Cavaliers batting - Pitching for California Golden Bears : LHP Dexter Hubert
Batting: LHB Domingo González 0-0: Ball
1-0: Fly out, F9 (Flyball, 9S)
Batting: RHB Jonathan Reynolds 0-0: SINGLE (Groundball, 56D)
Batting: RHB Mark Whiffen 0-0: Ball
1-0: Foul Ball, location: 2F
1-1: Ball
2-1: Called Strike
Jonathan Reynolds is caught stealing 2nd base
2-2: Strikes out swinging
Bottom of the 6th over - 0 run(s), 1 hit(s), 0 error(s), 0 left on base; California 1 - Virginia 7
TOP OF THE 7TH
California Golden Bears batting - Pitching for Virginia Cavaliers : RHP Will Hall
Pitching: RHP Armando Lazaro
Batting: RHB Mike Hammond 0-0: Called Strike
0-1: Ball
1-1: Called Strike
1-2: Strikes out looking
Batting: RHB Mike Ratzlaff 0-0: Swinging Strike
0-1: Fly out, F6 (Popup, 6)
Batting: RHB Cal Cox 0-0: Ball
1-0: Ball
2-0: Called Strike
2-1: Ball
3-1: Swinging Strike
3-2: DOUBLE (Line Drive, 8LD)
Batting: RHB Johnny Phillips 0-0: Called Strike
0-1: Swinging Strike
0-2: Ball
1-2: Foul Ball, location: 2F
1-2: Foul Ball, location: 2F
1-2: Ball
2-2: Strikes out swinging
Top of the 7th over - 0 run(s), 1 hit(s), 0 error(s), 1 left on base; California 1 - Virginia 7
BOTTOM OF THE 7TH
Virginia Cavaliers batting - Pitching for California Golden Bears : LHP Dexter Hubert
Pitching: RHP Ward Hunter
Batting: RHB Bartolo Reyes 0-0: Ball
1-0: Foul Ball, location: 2F
1-1: Ball
2-1: Ball
3-1: Called Strike
3-2: Strikes out swinging
Batting: SHB Walton Locke 0-0: Ball
1-0: Swinging Strike
1-1: Swinging Strike
1-2: Ball
2-2: Foul Ball, location: 2F
2-2: Foul Ball, location: 2F
2-2: Ball
3-2: Base on Balls
Batting: RHB Pat McDonald 0-0: Ball
1-0: Swinging Strike
1-1: Ball
2-1: Ball
3-1: Foul Ball, location: 2F
3-2: Base on Balls
Walton Locke to second
Batting: LHB Marvin MacGruder 0-0: Foul Ball, location: 2F
0-1: Foul Ball, location: 2F
0-2: Fielders Choice at 2nd, 3-6 (Groundball, 34)
Walton Locke to third
Batting: RHB Carl Curry 0-0: Called Strike
0-1: Fielders Choice at 2nd, 5-4 (Groundball, 56)
Bottom of the 7th over - 0 run(s), 0 hit(s), 0 error(s), 1 left on base; California 1 - Virginia 7
TOP OF THE 8TH
California Golden Bears batting - Pitching for Virginia Cavaliers : RHP Armando Lazaro
Batting: RHB Ed Crockett 0-0: Ball
1-0: Ball
2-0: Foul Ball, location: 2F
2-1: Ball
3-1: Base on Balls
Batting: RHB Sergio González 0-0: Called Strike
0-1: Fly out, F8 (Flyball, 89M)
Batting: LHB Lee Jenkins 0-0: Ball
1-0: Called Strike
1-1: Ball
2-1: Called Strike
2-2: Ball
3-2: Base on Balls
Ed Crockett to second
Batting: RHB Daniel Moody 0-0: Ball
1-0: Ball
2-0: Ball
3-0: Base on Balls
Ed Crockett to third
Lee Jenkins to second
Batting: RHB Greg Taylor 0-0: Ball
1-0: Ball
2-0: Called Strike
2-1: Ball
3-1: Base on Balls
Ed Crockett scores
Lee Jenkins to third
Daniel Moody to second
Batting: RHB Mike Hammond 0-0: Called Strike
0-1: Called Strike
0-2: Fly out, F9 (Flyball, 9)
Runner from 3rd tags up, OUT at HOME
Top of the 8th over - 1 run(s), 0 hit(s), 0 error(s), 2 left on base; California 2 - Virginia 7
BOTTOM OF THE 8TH
Virginia Cavaliers batting - Pitching for California Golden Bears : RHP Ward Hunter
Batting: LHB Brett Anderson 0-0: Called Strike
0-1: Ball
1-1: Ball
2-1: Ball
3-1: Base on Balls
Batting: LHB Domingo González 0-0: Ball
1-0: Ball
2-0: Called Strike
2-1: Ball
3-1: TRIPLE (Line Drive, 8RD)
Brett Anderson scores
Batting: RHB Jonathan Reynolds 0-0: Ball
1-0: Ball
2-0: Called Strike
2-1: SINGLE (Flyball, 78M)
Domingo González scores
Batting: RHB Mark Whiffen 0-0: Ball
1-0: Swinging Strike
1-1: Ball
2-1: Ball
3-1: Fly out, F8 (Flyball, 89S)
Batting: RHB Bartolo Reyes 0-0: Ball
Jonathan Reynolds steals 2nd base
1-0: Fly out, F3 (Line Drive, 34)
Batting: SHB Walton Locke 0-0: Ball
1-0: Swinging Strike
1-1: SINGLE (Groundball, 4MD)
Jonathan Reynolds to third
Runner from 3rd tries for Home, SAFE, no throw
Pitching: RHP Martin Dixon
Batting: RHB Pat McDonald 0-0: SINGLE (Flyball, 6MD)
Walton Locke to second
Batting: LHB Marvin MacGruder 0-0: Ball
1-0: Ground out 3-1 (Groundball, 23)
Bottom of the 8th over - 3 run(s), 4 hit(s), 0 error(s), 2 left on base; California 2 - Virginia 10
TOP OF THE 9TH
California Golden Bears batting - Pitching for Virginia Cavaliers : RHP Armando Lazaro
Now at 1B: Eric Barthorpe
Batting: RHB Mike Ratzlaff 0-0: Called Strike
0-1: Called Strike
0-2: Foul Ball, location: 2F
0-2: Ball
1-2: Fly out, F9 (Flyball, 9S)
Pinch Hitting: RHB Miguel Angel Díaz 0-0: Ball
1-0: Swinging Strike
1-1: DOUBLE (Line Drive, 8LD)
Pitching: RHP Dave Moran
Batting: RHB Johnny Phillips 0-0: Called Strike
0-1: Swinging Strike
0-2: Ball
1-2: Ball
2-2: Ball
3-2: Foul Ball, location: 2F
3-2: Base on Balls
Batting: RHB Ed Crockett 0-0: Ball
1-0: Ball
2-0: Called Strike
2-1: Ball
3-1: Base on Balls
Miguel Angel Díaz to third
Johnny Phillips to second
Batting: RHB Sergio González 0-0: GRAND SLAM HOME RUN (Flyball, 7LD), Distance : 325 ft
Pitching: RHP Ben Ellison
Batting: LHB Lee Jenkins 0-0: Ball
1-0: Fly out, F7 (Flyball, 78D)
Batting: RHB Daniel Moody 0-0: Ball
1-0: Ball
2-0: Foul Ball, location: 2F
2-1: Ball
3-1: Called Strike
3-2: Foul Ball, location: 2F
3-2: Base on Balls
Batting: RHB Greg Taylor 0-0: Ball
1-0: Ball
2-0: Ball
3-0: Base on Balls
Daniel Moody to second
Batting: RHB Mike Hammond 0-0: Fielders Choice at 2nd, 6-4 (Groundball, 6)
Top of the 9th over - 4 run(s), 2 hit(s), 0 error(s), 1 left on base; California 6 - Virginia 10
Thursday, March 30th, 2017 - OOTP Baseball 17.12 Build 75